 Dungeon Crawl Stone Soup version 0.28.0-53-g5a82cb258f (webtiles) character file.

Game seed: 9004194973943771189

172 issech the Chopper (level 5, 0/44 (48) HPs)
             Began as a Minotaur Monk on June 17, 2022.
             Slain by a wight
             ... wielding a +0 falchion
              (7 damage)
             ... in the Ecumenical Temple.
             The game lasted 00:07:22 (2757 turns).

issech the Chopper (Minotaur Monk)                  Turns: 2757, Time: 00:07:23

HP:   0/44 (48)     AC:  9    Str: 22    XL:     5   Next: 27%
MP:   4/4           EV:  9    Int:  7    God:
Gold: 128           SH:  0    Dex: 14    Spells: 4/4 levels left

rFire   . . .      SeeInvis .   o - +0 dagger (venom)
rCold   . . .      Faith    .   (no shield)
rNeg    + . .      Spirit   .   t - +0 chain mail
rPois   .          Reflect  .   (helmet restricted)
rElec   .          Harm     .   l - +0 cloak
rCorr   .          Rampage  .   (no gloves)
Will    .....                   (no boots)
Stlth   ..........              (no amulet)
HPRegen 0.14/turn               k - +6 ring of strength
MPRegen 0.09/turn               p - ring of positive energy

@: drained
A: horns 2, retaliatory headbutt
a: no special abilities


You were in the Ecumenical Temple.
You visited 2 branches of the dungeon, and saw 5 of its levels.

You collected 128 gold pieces.

Inventory:

Hand Weapons
 a - a +0 hand axe
 o - a +0 dagger of venom (weapon)
 r - a +0 trident of flaming
Missiles
 b - 2 boomerangs of dispersal
 d - 135 stones (quivered)
 f - 13 poisoned darts
 g - 28 arrows
Armour
 l - a +0 cloak (worn)
 t - a +0 chain mail (worn)
Jewellery
 i - a ring of ice
 k - a +6 ring of strength (left hand)
 p - a ring of positive energy (right hand)
Scrolls
 h - 2 scrolls of teleportation {unknown}
 j - a scroll of torment {unknown}
 s - a scroll of magic mapping {unknown}
Potions
 c - a potion of curing {unknown}
 e - 2 potions of cancellation {unknown}
 m - a potion of haste {unknown}
 n - 2 potions of magic {unknown}
 q - a potion of attraction {unknown}


   Skills:
 + Level 5.0 Fighting
 + Level 5.2 Axes
 + Level 0.2 Throwing
 + Level 0.8 Armour
 + Level 4.1 Dodging
 + Level 2.0 Stealth


You had 4 spell levels left.
You didn't know any spells.
Your spell library was empty.

Dungeon Overview and Level Annotations

Branches:
Dungeon (4/15)             Temple (1/1) D:4

Altars:
Xom


Innate Abilities, Weirdness & Mutations

You have a pair of horns on your head.
You reflexively headbutt those who attack you in melee.


Message History

Found a scroll labelled RYR KEREZXOATH.
A goblin comes into view. It is wielding a +1 dagger of freezing.
The goblin shouts!
The hobgoblin barely misses you.
You hit the hobgoblin but do no damage.
The hobgoblin is poisoned.
Your headbutt misses the hobgoblin. The wight hits you with a +4 dagger.
You hit the hobgoblin.
The hobgoblin looks even sicker.
The hobgoblin is severely wounded.
The hobgoblin hits you. The wight hits you with a +4 dagger.
The hobgoblin barely misses you. You furiously retaliate!
You headbutt the hobgoblin.
You kill the hobgoblin!
The wight barely misses you. You furiously retaliate!
You headbutt the wight.
Found a staircase to the Ecumenical Temple.
There is a dry fountain here.
There is a staircase to the Ecumenical Temple here.
You hit the wight but do no damage.
The wight hits you with a +0 long sword!
You hit the wight but do no damage.
The wight hits you with a +0 long sword!
You partially resist.
You feel drained.
You hit the wight but do no damage.
The wight hits you with a +0 long sword.
You partially resist.
You feel drained.
You can't go up here!
Unknown command.
The wight closely misses you. You furiously retaliate!
You headbutt the wight, but do no damage.
The wight hits you with a +0 falchion!
* * * LOW HITPOINT WARNING * * *
You partially resist.
You feel drained.
* * * LOW HITPOINT WARNING * * *
You climb downwards.
Welcome to the Ecumenical Temple!
There is a staircase back to the Dungeon here.
The wight closely misses you. You furiously retaliate!
You headbutt the wight! You open the door.
The wight hits you with a +0 long sword.
* * * LOW HITPOINT WARNING * * *
The wight hits you with a +0 falchion!
You die...

###+#
+#...##
##.....##
#.......#
#...<...#
#.......#
##.zz..##
##@..#+
#'### ..#
....
.....
..._...
#.......
##.....##


You could see 2 wights.

Vanquished Creatures
  A centaur skeleton (D:3)
  A hound skeleton (D:4)
  5 adders (D:3)
  2 worms (D:2)
  2 dart slugs
  7 orcs
  5 ball pythons
  5 endoplasms
  3 giant cockroaches (D:2)
  6 hobgoblins
  3 quokkas
  8 bats
  8 frilled lizards
  4 goblins
  8 kobolds
  4 rats (D:3)
72 creatures vanquished.

Notes
Turn   | Place    | Note
-------+----------+-------------------------------------------
     0 | D:1      | issech the Minotaur Monk began the quest for the Orb.
     0 | D:1      | Reached XP level 1. HP: 19/19 MP: 0/0
   350 | D:1      | Found a faded altar of an unknown god.
   510 | D:1      | Reached XP level 2. HP: 27/27 MP: 1/1
  1199 | D:2      | Reached XP level 3. HP: 25/33 MP: 2/2
  1893 | D:3      | Reached XP level 4. HP: 33/41 MP: 3/3
  2281 | D:3      | Reached skill level 5 in Axes
  2452 | D:3      | Reached skill level 5 in Fighting
  2452 | D:3      | Reached XP level 5. HP: 43/48 MP: 4/4
  2743 | D:4      | Found a staircase to the Ecumenical Temple.
  2753 | Temple   | Entered the Ecumenical Temple
  2757 | Temple   | Slain by a wight

Illustrated notes

Levels and vault maps discovered:
D:1:      psy_arrival_statuary, layout_loops_corners,
          ebering_ecumenical_altar_mist
D:2:      layout_rooms, grunt_decor_one_mirror, hangedman_decor_growths
D:3:      layout_rooms, serial_glass, glass_columns_b, glass_columns_b,
          small_statue_intersection, minivault_27, chequers_garden,
          minmay_pentomino_pile
D:4:      layout_cave_pools, minmay_temple_entry_junction,
          hangedman_decor_slide_cut, grunt_ministairs_1
Temple:   mainiacjoe_temple_hex_bubbles

Skill      XL: |  1  2  3  4 |
---------------+-------------+-----
Fighting       | 4 5 |  5.0
Axes           | 4 5 |  5.2
Stealth        | 2 |  2.0
Dodging        | 4 |  4.1
Throwing       | |  0.2
Armour         | |  0.8

Action                   |  1- 3 |  4- 6 || total
-------------------------+-------+-------++-------
Melee: Hand axe          |    82 |       ||    82
       Headbutt          |    15 |    21 ||    36
       Dagger            |     2 |    65 ||    67
       Punch             |       |     1 ||     1
Throw: Stone             |       |     5 ||     5
 Stab: Sleeping          |     2 |     1 ||     3
Armor: Robe              |    25 |       ||    25
       Leather armour    |     3 |     5 ||     8
       Chain mail        |       |    26 ||    26
Dodge: Dodged            |    51 |    31 ||    82
